[Event "CIS Master Groups 2024"]
[Site "Vasto"]
[Date "2024.04.11"]
[Round "6.7"]
[White "Tripodi, Enzo"]
[Black "Godena, Michele"]
[Result "1/2-1/2"]
[ECO "C78"]
[WhiteElo "2152"]
[BlackElo "2429"]
[Annotator "TA"]
[PlyCount "22"]
[EventDate "2024.04.07"]
[EventType "team-tourn"]
[EventCountry "ITA"]
[SourceTitle "playchess.com"]
[Source "ChessBase"]
[SourceQuality "1"]
[TimeControl "40/5400+30:900+30"]

1. e4 e5 2. Nf3 Nc6 3. Bb5 a6 4. Ba4 Nf6 5. O-O b5 6. Bb3 Bc5 7. c3 d6 8. d4 Bb6 9. Be3 O-O {[%emt 0:10:23] The position is equal.} 10. Nbd2 Rb8 11. h3 h6 {[%emt 0:05:08] A rather calm draw.   Weighted Error Value: White=0.07 (flawless) /Black=0.00 (flawless) .  Inaccurate:     	---       	Black=1      OK:         	White=1     	Black=1} 1/2-1/2

[Event "CIS Master Groups 2024"]
[Site "Vasto"]
[Date "2024.04.11"]
[Round "6.8"]
[White "Bellia, Fabrizio"]
[Black "Rotondaro, Alberto"]
[Result "1-0"]
[ECO "B92"]
[WhiteElo "2384"]
[BlackElo "2148"]
[Annotator "TA"]
[PlyCount "75"]
[EventDate "2024.04.07"]
[EventType "team-tourn"]
[EventCountry "ITA"]
[SourceTitle "playchess.com"]
[Source "ChessBase"]
[SourceQuality "1"]
[TimeControl "40/5400+30:900+30"]

1. e4 c5 2. Nf3 d6 3. d4 cxd4 4. Nxd4 Nf6 5. Nc3 a6 6. Be2 e5 7. Nb3 Be7 8. O-O O-O 9. Be3 Be6 10. Nd5 Nbd7 11. Qd3 Rc8 12. c4 Ng4 ({Better is} 12... b5 $14 13. Rfc1 (13. cxb5 axb5 14. Qxb5 Nxe4 $11) 13... Rxc4) 13. Bxg4 $16 {[%emt 0:14:07] White is clearly better.} Bxg4 {[%emt 0:00:07] [#]} 14. Na5 $1 {[%emt 0:00:08][%cal Bb3a5,Ba5b7,Bb7d6][%mdl 544] Excellent horsemanship.} b6 (14... Nc5 15. Bxc5) 15. Nb7 Qe8 16. h3 {[%emt 0:11:06] White is much more active.} (16. Nxb6 $2 {too greedy.} Nxb6 17. b3 (17. Bxb6 $2 Qc6 $19) 17... Qc6 $19) 16... Be6 {[%emt 0:00:42] aiming for ...Bxd5.} 17. Nxe7+ (17. Nxb6 Nxb6 18. Nxd6 Bxd6 19. Bxb6 Bxc4 (19... Rc6 $2 20. c5 $19) 20. Qxd6 Bxf1 21. Rxf1 Qb5 $19) 17... Qxe7 18. Nxd6 Rc6 19. Rfd1 Nc5 20. Bxc5 bxc5 21. Nf5 Bxf5 22. exf5 h6 23. Qd5 Qf6 24. Re1 Re8 25. Rad1 Rcc8 {[%emt 0:03:21] Black is weak on the light squares} 26. Qe4 Qb6 27. b3 f6 28. Rd7 {[%emt 0:01:15] [#] Qg4 would kill now.} Kh8 29. Red1 {[%emt 0:04:25] R1d6 would now be deadly.} Red8 30. Qg4 Rxd7 31. Rxd7 $40 {[%emt 0:00:05][%mdl 4224] Endgame. KQR-KQR. White attacks with force.} Rg8 32. Qd1 Qa5 33. Qd2 Qa3 (33... Qxd2 34. Rxd2 a5) 34. g4 Ra8 (34... Qb4 $18 35. Qxb4 cxb4) 35. h4 (35. g5 $142 fxg5 36. f6 Rg8 37. f7 Rf8 38. Qd6 (38. Rd8 Qc1+ 39. Qxc1 Rxd8 $18) 38... Kh7 39. Qxf8 Qc1+ 40. Kg2) 35... a5 (35... Qb4 $18 36. Qxb4 cxb4) 36. g5 {[%emt 0:00:32] White mates.} fxg5 37. hxg5 Qb4 38. Rd8+ {[%emt 0:00:17] White took control after the opening.   Weighted Error Value: White=0.17 (very precise) /Black=0.63.  Mistake:       	White=1     	Black=4      Inaccurate:     	---       	Black=1      OK:         	White=14    	Black=9      Best:        	White=3     	---        Brilliant:      	White=1     	---} 1-0

[Event "CIS Master Groups 2024"]
[Site "Vasto"]
[Date "2024.04.11"]
[Round "6.9"]
[White "Ivanisevic, Ivan"]
[Black "Socko, Bartosz"]
[Result "1/2-1/2"]
[ECO "E32"]
[WhiteElo "2518"]
[BlackElo "2565"]
[Annotator "TA"]
[PlyCount "227"]
[EventDate "2024.04.07"]
[EventType "team-tourn"]
[EventCountry "ITA"]
[SourceTitle "playchess.com"]
[Source "ChessBase"]
[SourceQuality "1"]
[TimeControl "40/5400+30:900+30"]

1. d4 e6 2. c4 Nf6 3. Nc3 Bb4 4. Qc2 d6 5. e3 O-O 6. Bd3 c5 7. Nge2 cxd4 8. exd4 {[%emt 0:00:09] White is slightly better.} d5 9. cxd5 exd5 10. O-O h6 {[%emt 0:01:21] Prevents Bg5.} 11. Bf4 Nc6 12. Rad1 Re8 13. h3 Bd6 14. Qc1 Be6 15. Nb5 Bxf4 16. Qxf4 Re7 {[%emt 0:00:24] Wards off Nc7} 17. a3 Qb6 18. Nbc3 Rae8 (18... Qxb2 $2 19. Rb1 Qxa3 20. Ra1 $18) 19. b4 Qc7 20. Bb5 Rc8 21. Na4 a5 22. Qxc7 Rcxc7 23. bxa5 Nxa5 24. Nf4 Bd7 25. Bxd7 Rexd7 26. Rfe1 Nc4 27. Nc5 Rd8 28. Rb1 b6 29. Ncd3 Ra8 (29... g5 $5 30. Ne2 $8 Ra8 $11 (30... Nxa3 31. Rxb6 Ne4 32. Rxh6 $16)) 30. Nb4 Ra5 (30... Rxa3 31. Nbxd5 Nxd5 32. Nxd5) 31. Rbc1 g5 (31... Rxa3 $2 {loses.} 32. Nfxd5 Nxd5 33. Nxd5 $18) 32. Ne2 Rxa3 33. Nc3 Ra5 34. f4 gxf4 35. Ne2 $1 Ra4 36. Nd3 f3 37. Ng3 ({White must play} 37. gxf3 $15 Re7 38. Kf2) 37... Ra3 $19 38. Ne5 Nxe5 39. dxe5 Rxc1 40. Rxc1 Ne4 41. Nxe4 dxe4 {[%emt 0:15:15][%mdl 4096] Endgame. KR-KR} 42. Re1 fxg2 $1 43. Kxg2 e3 44. Kf3 Rb3 45. Rc1 (45. Rd1 $17 {keeps fighting.}) 45... Rb5 46. Rc8+ Kg7 47. Re8 Rb3 (47... Rb2 $19 {...e2 is the strong threat.} 48. Kxe3 Rb3+ 49. Kf4 Rxh3) 48. Ke2 (48. e6 $17) 48... Kg6 {[%emt 0:00:00] Hoping for ...Kf5.} 49. e6 fxe6 (49... Rb2+ $1 $17 50. Kxe3 Rb5) 50. Rxe6+ $15 Kh5 51. Kf3 (51. Re4 $1 $11 {was the only way to keep the balance.}) 51... b5 ({Black should play} 51... Kg5 $1 $17) 52. h4 $11 b4 {[%emt 0:00:00] White must now prevent ...Rb1.} 53. Rb6 Rb1 {[%emt 0:00:00] Threatens to win with ...Rb3.} 54. Kxe3 b3 55. Kf2 $2 (55. Kd2 $11 {and White has nothing to worry.}) 55... Kg4 $19 {[%emt 0:00:35] And now ...h5 would win.} ({Not} 55... Kxh4 56. Rxh6+ Kg4 57. Rb6 $11) 56. Rb4+ Kh3 57. h5 {[%emt 0:00:35] [#]} Rb2+ (57... b2 $1 $19 {( -> ...Rh1)} 58. Rb3+ Kg4) 58. Kf3 $11 Rg2 59. Rb6 b2 60. Rb4 $1 Kh2 61. Ke3 Kg3 62. Kd3 Rh2 63. Ke3 Rf2 (63... Rxh5 64. Rxb2 Re5+ 65. Kd3 $17) 64. Rb6 Rc2 65. Kd3 Rh2 66. Ke3 Kg4 67. Rb5 Rh3+ (67... Rxh5 68. Rxb2 Rh3+ 69. Ke4 $17) 68. Ke4 Rh2 (68... Rxh5 69. Rxb2 Rh1 70. Rg2+ Kh3 71. Kf3 $17) 69. Ke3 Rg2 (69... Rxh5 70. Rxb2 Rh3+ 71. Ke4 $15) 70. Ke4 Re2+ 71. Kd3 Rg2 72. Ke4 Kg3 73. Ke3 Rh2 74. Ke4 Rh4+ 75. Ke3 Rxh5 76. Rxb2 Re5+ 77. Kd4 Re6 78. Kd5 Re1 79. Rb3+ Kg4 80. Rb4+ $2 (80. Rb8 $11) 80... Kf5 81. Rh4 Rd1+ 82. Kc4 {[%emt 0:00:04] [#]} Kg5 $1 83. Rh3 h5 84. Rd3 Rg1 $2 (84... Re1 $19 85. Rg3+ Kf4) 85. Kc3 $1 {[%emt 0:00:35] The position is equal.} Rg2 {[%emt 0:02:34] Strongly threatening ...h4.} (85... h4 $5 86. Kd2 $8 Kg4 $11) 86. Rd5+ Kg4 {[%emt 0:00:06] aiming for ...h4.} 87. Kd3 h4 88. Ke3 h3 89. Rd7 Kg3 90. Rb7 Ra2 (90... h2 $5 91. Rg7+ $8 Kh4 92. Rh7+ Kg4 93. Rg7+ Kh4 94. Rh7+ Kg4 95. Rg7+ Kh3 96. Rh7+ Kg3 97. Rg7+ Kh3 98. Rh7+ Kg3 99. Rg7+ $11) 91. Rg7+ Kh2 92. Rg6 Rg2 93. Rb6 Rg8 94. Kf3 Rf8+ 95. Ke2 Rg8 96. Kf2 Rf8+ 97. Ke2 $1 Kh1 98. Rg6 Ra8 99. Rb6 Ra4 (99... Kg2 $5 100. Rg6+ $8 Kh2 $11) 100. Kf2 Ra2+ 101. Kf1 Kh2 102. Rb3 Rg2 103. Rf3 Rg1+ 104. Kf2 Rb1 105. Ra3 Rb7 106. Rf3 {[%emt 0:00:08] Repels Rf7} Rh7 107. Kf1 Kh1 108. Kf2 h2 109. Kf1 Ra7 110. Rf5 Ra4 111. Rf6 Ra3 112. Rf5 Ra4 113. Rf6 Ra3 114. Rf5 {[%emt 0:00:06] White happily takes the draw.   Weighted Error Value: White=0.25 (precise) /Black=0.20 (precise) .  Loses game:     	White=3     	---        Missed win:     	---       	Black=1      Mistake:       	White=3     	Black=3      Inaccurate:     	White=2     	Black=1      OK:         	White=43    	Black=22     Best:        	White=10    	Black=4      Strong:       	White=3     	Black=1} 1/2-1/2

[Event "CIS Master Groups 2024"]
[Site "Vasto"]
[Date "2024.04.11"]
[Round "6.10"]
[White "Rombaldoni, Denis"]
[Black "Seresin, Francesco"]
[Result "0-1"]
[ECO "D36"]
[WhiteElo "2484"]
[BlackElo "2336"]
[Annotator "TA"]
[PlyCount "80"]
[EventDate "2024.04.07"]
[EventType "team-tourn"]
[EventCountry "ITA"]
[SourceTitle "playchess.com"]
[Source "ChessBase"]
[SourceQuality "1"]
[TimeControl "40/5400+30:900+30"]

1. d4 d5 2. c4 e6 3. Nc3 Nf6 4. cxd5 exd5 5. Bg5 Be7 6. e3 c6 7. Qc2 h6 8. Bh4 O-O 9. Bd3 Re8 10. Nge2 a5 11. f3 Na6 12. a3 {[%emt 0:06:40] Wards off Nb4} Nc7 {[%emt 0:00:35] The position is equal.} 13. O-O c5 14. Rad1 (14. dxc5 $11 Bxc5 15. Nd1) 14... c4 $17 15. Bf5 b5 16. Bxc8 Rxc8 17. e4 b4 18. Bxf6 (18. Na4 $15) 18... Bxf6 19. Na4 bxa3 20. bxa3 Nb5 21. e5 Be7 22. Nac3 {[%emt 0:01:10] [#]} Rb8 ({Resist} 22... Nxa3 23. Qa4 $11) (22... Nxc3 $1 $17 23. Qxc3 Rb8) 23. a4 Nc7 24. Nf4 (24. f4 $11) 24... Qd7 $15 25. Nh5 {[%emt 0:11:14] [#]} ({Better is} 25. Nfe2 $15) 25... Ba3 (25... Rb3 $1 $19 26. f4 Reb8) 26. Qf2 $17 {[%emt 0:03:28] Threatens to win with Qg3.} Qf5 27. g4 (27. Ng3 $1 $15 Qc8 28. Nce2) 27... Qd7 ({Black should try} 27... Qe6 28. Nf4 Qd7) 28. Ne2 {[%emt 0:04:12] Now White is beyond hope.} (28. Qg3 $17) 28... Rb2 $19 (28... Qxa4 29. Ra1) 29. Qe3 Be7 30. Rf2 Reb8 ({But not} 30... Qxa4 31. Nc3 Qb4 32. Qe1 $19) 31. Ra1 (31. Nc3 {was worth a try.}) 31... R8b3 {[%emt 0:02:25] Black is clearly winning.} 32. Qc1 Bg5 33. Nef4 Rxf2 34. Kxf2 Ne6 35. Kg2 Qa7 36. h4 Bxf4 37. Nxf4 Qxd4 38. Nxe6 Rb2+ 39. Kh3 Qf2 40. Qh1 (40. Qg1 $142 Qxf3+ (40... fxe6 $2 41. Qxf2 Rxf2 42. Kg3 $19) 41. Qg3 Qxg3+ 42. Kxg3 fxe6 43. Kf3) 40... fxe6 {[%emt 0:00:08] Weighted Error Value: White=0.75/Black=0.41.  Mistake:       	White=7     	Black=3      Inaccurate:     	White=4     	---        OK:         	White=7     	Black=10     Best:        	---       	Black=2} 0-1

[Event "CIS Master Groups 2024"]
[Site "Vasto"]
[Date "2024.04.11"]
[Round "6.11"]
[White "Boraso, Alessio"]
[Black "Garcia Palermo, Carlos Horacio"]
[Result "1/2-1/2"]
[ECO "B13"]
[WhiteElo "2291"]
[BlackElo "2407"]
[Annotator "TA"]
[PlyCount "25"]
[EventDate "2024.04.07"]
[EventType "team-tourn"]
[EventCountry "ITA"]
[SourceTitle "playchess.com"]
[Source "ChessBase"]
[SourceQuality "1"]
[TimeControl "40/5400+30:900+30"]

1. e4 c6 2. d4 d5 3. exd5 cxd5 4. c4 Nf6 5. Nc3 Nc6 6. Nf3 a6 7. Bg5 Be6 8. Be2 g6 9. Bxf6 {[%emt 0:08:56] The position is equal.} exf6 10. O-O Bg7 11. cxd5 Bxd5 12. Rc1 O-O 13. Nxd5 {[%emt 0:01:07] Weighted Error Value: White=0.12 (very precise) /Black=0.02 (flawless) .  Inaccurate:     	White=1     	---        OK:         	White=3     	Black=3      Best:        	---       	Black=1} 1/2-1/2

[Event "CIS Master Groups 2024"]
[Site "Vasto"]
[Date "2024.04.11"]
[Round "6.12"]
[White "Loiacono, Antonio"]
[Black "Lanzani, Mario Lorenzo"]
[Result "1-0"]
[ECO "B60"]
[WhiteElo "2292"]
[BlackElo "2259"]
[Annotator "TA"]
[PlyCount "157"]
[EventDate "2024.04.07"]
[EventType "team-tourn"]
[EventCountry "ITA"]
[SourceTitle "playchess.com"]
[Source "ChessBase"]
[SourceQuality "1"]
[TimeControl "40/5400+30:900+30"]

1. e4 c5 2. Nf3 d6 3. d4 cxd4 4. Nxd4 Nf6 5. Nc3 Nc6 6. Bg5 Bd7 7. Nb3 e6 {[%emt 0:03:37] B60: Sicilian: Richter-Rauzer: Unusual Black 6th moves and 6...Bd7 without 7 Qd2.} 8. Be2 a6 9. O-O Qc7 10. a4 b6 11. Be3 Be7 12. f4 Bc8 13. Bf3 Bb7 14. Qe1 O-O 15. g4 d5 $146 ({Predecessor:} 15... Nd7 16. g5 Rfe8 17. Bg2 Nb4 18. Qf2 Bf8 19. Rad1 Rad8 20. Rd2 Nc5 21. Rfd1 Bc6 22. Nd4 Bd7 23. Nde2 Ra8 24. Ra1 Bc6 25. Nd4 Bd7 26. Nde2 Bc6 {½-½ Findlay,I (2304)-Moffat,A (2125) Toronto Hart House Holidays op 2016 (1)}) 16. e5 Nd7 17. g5 Na5 18. Nxa5 bxa5 19. Qf2 Rac8 20. Rac1 Qc4 21. Rfd1 Qb4 22. Rb1 Bc5 23. Be2 d4 24. Bxd4 Qb6 25. Bxc5 Nxc5 26. Bf1 f6 27. Rd6 Qc7 28. Qd2 fxe5 29. fxe5 Rf5 30. Rd1 Rcf8 31. Bg2 (31. Bh3 $142 Rf2 (31... Rxe5 $2 32. Rd8 $19) 32. Qxf2 Rxf2 33. Kxf2 Qf7+ 34. Kg1) 31... Bxg2 $17 (31... Rxe5 32. Rd8 Bxg2 33. Rxf8+ Kxf8 34. Qxg2 $17) 32. Qxg2 Qf7 $2 (32... Qa7 $17 {( -> ...Nd3+)} 33. R6d4 Nd7 (33... Rxe5 34. Kh1 $17)) 33. Rd8 $11 Qg6 34. h4 Qh5 35. Rxf8+ Rxf8 36. Rd4 h6 (36... Qf7 $1 $11) 37. Rg4 (37. Ne2 $14) 37... Qg6 (37... Nd7 $11 38. gxh6 Qxh6) 38. Ne2 $16 hxg5 39. Rxg5 Qxc2 $2 ({Black should play} 39... Qf7 $1 $14) 40. Rxg7+ $18 Kh8 41. Rg5 Qb1+ 42. Kh2 Qh7 43. Qg4 $1 Rg8 44. Nf4 Rxg5 45. Qxg5 Qc2+ 46. Ng2 $1 Qf2 47. h5 Qf7 48. Nf4 Kh7 49. Qg4 (49. Nh3 $1 $18) 49... Qg7 $2 (49... Kh6 $1 $14) 50. Qxg7+ $18 Kxg7 51. b3 Kh6 52. Kg3 Nxb3 (52... Kg5 $142 53. Kf3 Kf5) 53. Nxe6 $18 Kxh5 54. Kf4 Kg6 55. Ke4 $1 Kf7 56. Kd5 Nc1 57. Kd6 Ne2 58. Kd7 Nc3 59. Nc5 Nd5 60. Kd6 $2 (60. Nxa6 Nb6+ 61. Kd6 Nc4+ 62. Kd5 Nb6+ 63. Kd6 Nc4+ 64. Kd5 Nb6+ 65. Kd6 $11) (60. e6+ $1 Kf6 61. Kd6 (61. Nxa6 Nb6+ 62. Kc7 Nxa4 $11) 61... Ne3 62. Ne4+ (62. Nxa6 Nc4+ 63. Kc5 Nb2 $11) 62... Kf5 63. e7 Kxe4 64. e8=Q+ (64. e8=R+ Kd4 $16) 64... Kd4 65. Qh8+ Kd3 66. Kc5) 60... Nb6 $1 $11 61. e6+ (61. Nd7 $5 Nc4+ $8 62. Kd5 $11) 61... Ke8 62. Kc6 (62. Nd7 $5 Nc4+ $8 63. Kc5 $11) 62... Nc4 63. Nxa6 Ke7 64. Nc5 Nb2 65. Kd5 Ke8 $2 (65... Nd1 $11) 66. Kd6 Nc4+ 67. Kc6 $1 Ke7 68. Kb5 Na3+ 69. Kxa5 Kd6 70. Kb4 Nc2+ {[%emt 0:00:08] [#]} 71. Kb5 $2 (71. Kc4 $1 Ne3+ 72. Kb5 Kc7 73. e7 Nf5 74. e8=N+ (74. e8=R Nd6+ 75. Ka5 Nxe8 $11) 74... Kd8 75. a5 (75. Nf6 Kc7 $18) 75... Kxe8 76. a6 Nd6+ 77. Kc6) 71... Na3+ $11 72. Kb4 $2 (72. Ka6 $11 Nc4 73. Kb5 Na3+ 74. Kb4 Nc2+ 75. Kc4) 72... Nc2+ {[%emt 0:00:10] [#]} 73. Kc3 $2 (73. Kc4 $1 {mates} Ne3+ 74. Kb5 Nd5 75. a5 Ne7 76. Kb6 Nd5+ 77. Kb7 (77. Kb5 Ne7 $18) 77... Kxc5 78. a6) 73... Ne3 $1 $14 74. Kd4 (74. Kb3 $5 Nd5 $8 75. Kc4 $11) 74... Nf5+ $2 (74... Nd5 $14) 75. Kc4 Kc6 76. Ne4 Kb6 77. Kd5 Ka5 78. Nc3 Kb4 79. Ke4 1-0

[Event "CIS Master Groups 2024"]
[Site "Vasto"]
[Date "2024.04.11"]
[Round "6.13"]
[White "Altini, Nicola"]
[Black "Ceres, Dragos"]
[Result "1/2-1/2"]
[ECO "D32"]
[WhiteElo "2393"]
[BlackElo "2486"]
[Annotator "TA"]
[PlyCount "107"]
[EventDate "2024.04.07"]
[EventType "team-tourn"]
[EventCountry "ITA"]
[SourceTitle "playchess.com"]
[Source "ChessBase"]
[SourceQuality "1"]
[TimeControl "40/5400+30:900+30"]

1. d4 d5 2. c4 e6 3. Nf3 c5 4. cxd5 exd5 5. Nc3 Nf6 6. Bg5 Be6 7. Bxf6 Qxf6 8. e4 dxe4 9. Bb5+ Nc6 10. Nxe4 Qf4 11. Qe2 Be7 12. O-O O-O 13. Nxc5 {[%emt 0:11:07] A dynamic duo of knights.} (13. dxc5 {keeps more tension.} Bd5 14. Rfe1 Rad8 15. Qe3) 13... Nxd4 14. Nxd4 Bxc5 15. Nxe6 fxe6 16. Rac1 b6 17. Rc4 ({Don't take} 17. Qxe6+ Kh8 $16) 17... Qf6 18. Re4 Rad8 19. b4 Bd4 20. Rxe6 Qg5 21. Bc4 Kh8 22. Kh1 g6 23. g3 Qf5 24. f4 Rf6 25. Re7 Qc8 {[%emt 0:02:18] [#]} 26. Bd5 $1 {[%emt 0:00:45][%cal Of1d1][%mdl 512] And now Rd1! would win. Black is weak on the light squares} Rfd6 27. Bb7 {[%emt 0:00:45] White has more active pieces.} Qb8 28. Re1 (28. f5 $16 {fxg6 is the strong threat.} R6d7 29. Rxd7 Rxd7 30. Be4 gxf5 31. Rxf5 (31. Bxf5 Rf7 $16)) 28... Bf6 $14 29. Re8+ Kg7 30. Bf3 $1 Rxe8 31. Qxe8 Qxe8 32. Rxe8 {[%emt 0:00:02][%mdl 4096] Endgame. KRB-KRB} Rd2 33. a4 Rd4 34. Ra8 Rxb4 35. Rxa7+ Kh8 36. Ra8+ Kg7 37. Ra7+ Kh8 $1 38. Bd5 Bd4 39. Ra8+ Kg7 40. Ra7+ Kh8 $1 41. g4 (41. h4 $14) 41... h6 42. Ra8+ Kg7 43. Ra7+ Kh8 $1 44. f5 gxf5 45. gxf5 Rb1+ (45... b5 $11 46. Ra8+ Kg7) 46. Kg2 Rb2+ 47. Kf3 Rxh2 48. Rd7 Rf2+ (48... h5 $11) 49. Kg4 Be3 50. Be6 Bc1 51. Rb7 Be3 52. Rd7 (52. Rf7 $14 {should be considered.}) 52... Bc1 $16 {[%emt 0:00:04] [#]} 53. Rb7 (53. Rf7 $1 $16) 53... Be3 $1 $14 54. Rd7 {[%emt 0:01:07] Weighted Error Value: White=0.14 (very precise) /Black=0.09 (flawless) .  Mistake:       	White=4     	Black=2      Inaccurate:     	White=5     	Black=4      OK:         	White=18    	Black=19     Best:        	---       	Black=5      Strong:       	White=1     	Black=4} 1/2-1/2

[Event "CIS Master Groups 2024"]
[Site "Vasto"]
[Date "2024.04.11"]
[Round "6.14"]
[White "Lumachi, Gabriele"]
[Black "Collutiis, Duilio"]
[Result "1-0"]
[ECO "A57"]
[WhiteElo "2413"]
[BlackElo "2334"]
[Annotator "TA"]
[PlyCount "59"]
[EventDate "2024.04.07"]
[EventType "team-tourn"]
[EventCountry "ITA"]
[SourceTitle "playchess.com"]
[Source "ChessBase"]
[SourceQuality "1"]
[TimeControl "40/5400+30:900+30"]

1. d4 Nf6 2. c4 c5 3. d5 b5 4. cxb5 a6 5. e3 Bb7 6. Nc3 Qa5 7. Bd2 axb5 8. Bxb5 Qb6 $1 9. a4 {[%emt 0:00:12] And now e4 would win.} Nxd5 10. Nf3 e6 11. O-O {[%emt 0:00:12] White is slightly better.} Be7 12. e4 Nf6 13. Qe2 Nc6 (13... O-O $11) 14. e5 $16 Nd5 15. Nxd5 exd5 16. Rfe1 ({White should try} 16. a5 $1 $16 Qa7 (16... Nxa5 $2 17. e6 $18) 17. b4) 16... h6 {[%emt 0:17:48] [#]} (16... O-O $11 {keeps the balance.}) 17. a5 $1 Qc7 (17... Qa7 18. a6) 18. a6 Bc8 19. Ra4 Qb6 20. Rg4 (20. b3 $1 $16) 20... Bxa6 $15 21. Ra1 c4 $2 (21... Nb8 $15 {keeps the upper hand.} 22. Bxa6 (22. Rxg7 $2 Bxb5 23. Qe1 Rxa1 $19) 22... Rxa6 23. Rxa6 Qxa6 24. Qxa6 Nxa6) 22. Bxc6 $1 $16 (22. Rxg7 $2 Qxb5 23. Be3 Bc5 $19) 22... Qxc6 {[%emt 0:03:16] [#]} 23. Nd4 $1 $36 {[%emt 0:00:44][%cal Bf3d4,Bd4f5,Bf5d6][%mdl 2080] White is on the roll. White has more active pieces.} (23. Rxg7 $2 c3 24. Qe3 cxd2 $19 (24... cxb2 $2 25. Re1 $17)) 23... Qb6 24. Bc3 (24. Nf5 $18) 24... Bc5 $2 {[%emt 0:06:27] [#]} (24... g6 $16 {was worth a try.}) 25. Qf3 (25. Nf5 $1 $18 {[%cal Rf5d6] Strongly threatening Nd6+.} Rg8 26. Qf3 (26. Rxg7 Rxg7 27. Nxg7+ Kf8 $16) (26. Nxg7+ Rxg7 27. Rxg7 O-O-O $18)) 25... g5 $2 (25... g6 $16) 26. Nf5 $18 (26. Qxd5 O-O 27. e6 (27. Qxd7 $2 Bb5 $19) 27... fxe6 $14 (27... dxe6 28. Rxg5+ Kh7 29. Nxe6 Bxf2+ 30. Kh1 Qxe6 31. Rg7+ Kh8 32. Rxf7+ Kg8 33. Rg7+ Kh8 34. Qxe6)) 26... Rg8 $2 {[%emt 0:09:50] [#]} (26... Qc6 27. Nd6+ (27. Ng7+ Kd8 $16) 27... Bxd6) 27. Rxc4 $3 {[%emt 0:11:22][%mdl 512] White is clearly winning.} Rc8 {[%emt 0:03:39] [#]} (27... Rg6 28. Qxd5) 28. Rxc5 Rxc5 29. Nd6+ Kd8 30. Qxf7 {[%emt 0:00:21] Weighted Error Value: White=0.28 (precise) /Black=0.86.  Loses game:     	---       	Black=2      Missed win:     	White=1     	---        Mistake:       	White=3     	Black=4      Inaccurate:     	---       	Black=1      OK:         	White=5     	Black=5      Best:        	White=3     	Black=2      Strong:       	White=2     	---        Brilliant:      	White=1     	---} (30. Nxf7+ Kc7 31. e6 dxe6 32. Be5+ (32. Nxh6 Rc8 $18) 32... Kd7) 1-0